 Dungeon Crawl Stone Soup version 0.32-a0-329-ge6c31236d6 (webtiles) character file.

Game seed: 17855268209898081291

3349 anacleto the Destroyer (level 9, -5/22 (45) HPs)
             Began as a Deep Elf Conjurer on Feb 16, 2024.
             Was a Believer of Vehumet.
             Killed by divine providence
             ... invoked by an orc priest
              (14 damage)
             ... on level 7 of the Dungeon on Feb 17, 2024.
             The game lasted 00:32:47 (8701 turns).

anacleto the Destroyer (Deep Elf Conjurer)          Turns: 8701, Time: 00:32:47

HP:   -5/22 (45)    AC: 10    Str:  4    XL:     9   Next: 72%
MP:   18/22         EV: 14    Int: 28    God:    Vehumet [**....]
Gold: 366           SH:  0    Dex: 13    Spells: 4/23 levels left

rFire   . . .        (no weapon)
rCold   . . .        (no shield)
rNeg    . . .        w - +0 steam dragon scales
rPois   .            x - +0 helmet
rElec   .            (no cloak)
rCorr   .            (no gloves)
SInv    +            (no boots)
Will    .....        (no amulet)
Stlth   ++++         u - ring of see invisible
HPRegen 0.23/turn    o - +4 ring of protection
MPRegen 0.18/turn

%: no passive effects
@: extremely drained
A: no striking features
a: Renounce Religion


You were on level 7 of the Dungeon.
You worshipped Vehumet.
Vehumet was pleased with you.
You visited 1 branch of the dungeon, and saw 7 of its levels.
You also visited: Sewer.

You collected 397 gold pieces.
You spent 31 gold pieces at shops.

Inventory:

Hand Weapons
 A - a +1 dagger of venom
Missiles
 c - 50 stones
Armour
 w - +0 steam dragon scales (worn)
 x - a +0 helmet (worn)
Jewellery
 o - a +4 ring of protection (right hand)
 p - a +6 ring of dexterity
 u - a ring of see invisible (left hand)
 z - a ring of willpower
 B - a ring of resist corrosion
Wands
 C - a wand of flame (25)
Scrolls
 g - a scroll of revelation {unknown}
 h - a scroll of vulnerability {unknown}
 j - 2 scrolls of fear
 k - 2 scrolls of enchant armour {unknown}
 m - a scroll of immolation {unknown}
 n - 3 scrolls of silence
 q - a scroll of noise {unknown}
 r - 3 scrolls of teleportation
 t - a scroll of blinking {unknown}
 y - a scroll of fog {unknown}
 E - a scroll of identify
Potions
 a - 3 potions of might {unknown}
 b - 2 potions of magic
 d - 3 potions of curing
 e - 3 potions of heal wounds {unknown}
 f - a potion of mutation {unknown}
 i - 2 potions of brilliance
 l - a potion of invisibility
 s - a potion of ambrosia {unknown}
 v - a potion of resistance {unknown}
 D - 2 potions of degeneration {unknown}


   Skills:
 + Level 6.9 Dodging
 + Level 7.5 Stealth
 + Level 7.6 Spellcasting
 * Level 9.4 Conjurations
 + Level 2.9 Necromancy
 + Level 2.6 Translocations
 + Level 2.6 Ice Magic
 + Level 5.1 Alchemy


You had 4 spell levels left.
You knew the following spells:

 Your Spells              Type           Power      Damage    Failure   Level
a - Magic Dart            Conj           100%       1d8       1%          1
b - Searing Ray           Conj           100%       2d8       1%          2
c - Fulminant Prism       Conj/Alch      25%        3d14      2%          4
d - Iskenderun's Mystic   Conj/Tloc      44%        2d10      4%          4
e - Hailstorm             Conj/Ice       44%        3d9       1%          3
f - Kiss of Death         Conj/Necr      100%       2d13      1%          1
g - Scorch                Fire           20%        2d5       8%          2
h - Mercury Vapours       Alch/Air       50%        N/A       2%          2

Your spell library contained the following spells:

 Spells                   Type           Power      Damage    Failure   Level
 Inner Flame              Hex/Fire       10%        N/A       16%         3
 Freeze                   Ice            100%       1d10      1%          1
 Shock                    Conj/Air       100%       1d9       1%          1
 Sting                    Conj/Alch      100%       1d9       1%          1
 Frozen Ramparts          Ice            50%        1d8       5%          3
 Olgreb's Toxic Radiance  Alch           39%        N/A       6%          4
 Swiftness                Air            10%        N/A       16%         3
 Tukima's Dance           Hex            10%        N/A       16%         3
 Dimensional Bullseye     Hex/Tloc       8%         N/A       30%         4
 Airstrike                Air            5%         2d(1-17)  45%         4


Dungeon Overview and Level Annotations

Branches:
Dungeon (7/15)             Temple (0/1) D:6           Sewer (visited)

Altars:
Hepliaklqana
Nemelex Xobeh
Ru
Sif Muna
Uskayaw
Vehumet
Wu Jian
Xom
Zin

Shops:
D:3 (*[


Message History

The magic dart hits the orc but does no damage.
The orc is almost dead.
The orc closely misses you.
Casting: Magic Dart (safe; 1% risk of failure)
Confirm with . or Enter, or press ? or * to list all spells.
Aiming: Magic Dart (safe; 1% risk of failure)
Press: ? - help, Shift-Dir - straight line, f/p - orc
Aim: an orc, wielding a +0 club and wearing a +0 ring mail (almost dead, 100% to hit)
The magic dart hits the orc.
You kill the orc!
Vehumet accepts your kill.
You feel your power returning.
Casting: Magic Dart (safe; 1% risk of failure)
Confirm with . or Enter, or press ? or * to list all spells.
You don't know that spell.
You start resting.
HP restored.
You start resting.
Magic restored.
You start waiting.
Done waiting.
You climb downwards.
The orc priest mumbles some strange prayers to Beogh against you.
Beogh smites you!
Ouch! That really hurt!
An orc comes into view. It is wielding a +0 hand axe.
The orc priest casts a cantrip, but nothing happens.
The orc priest shouts!
The orc shouts!
There is a stone staircase leading up here.
Casting: Magic Dart (safe; 1% risk of failure)
Confirm with . or Enter, or press ? or * to list all spells.
Aiming: Fulminant Prism (quite dangerous; 2% risk of failure)
Press: ? - help, Dir - move target You conjure a prism of explosive energy!
The orc shouts!
A fulminant prism comes into view.
The orc priest calls down the wrath of Beogh upon you.
Beogh smites you!
Ouch! That really hurt!
You die...

########## ## #........# ##.
#..>..)..############ ##..
#.............#.....## #..#
.#########.........<...)######.##
.........#...*........)[........#
.........>.o....@.......#######.#
####.......o.o..........##...##.#
###.###.....o........#.....#.#
#..# #..............#.....#.#
#.## ##.............#.....#.# #.#
...#............##...##..
#)#.....####..####..###.###..
#........ #..# #..........#
............. #..####........#.#


You could see 2 orc priests, 2 orcs and a friendly fulminant prism.

Vanquished Creatures
  A troll (D:5)
  Prince Ribbit (D:6)
  Sigmund (D:6)
  A steam dragon (D:5)
  Edmund (D:6)
  2 water moccasins
  An orc warrior (D:5)
  An ice beast (D:5)
  2 black bears
  2 sky beasts
  4 ogres
  A phantom (D:5)
  4 scorpions
  6 jellies
  4 bombardier beetles
  2 hounds
  2 orc priests
  A gnoll bouda (D:6)
  A sleepcap (D:4)
  2 iguanas
  5 orc wizards
  8 gnolls
  10 adders
  5 river rats (Sewer)
  A white imp (D:6)
  2 ribbon worms (Sewer)
  19 orcs
  5 bats
  4 endoplasms
  9 giant cockroaches
  3 goblins
  6 hobgoblins
  4 jackals (D:1)
  4 kobolds
  4 quokkas
  9 ball pythons
  3 frilled lizards
  12 rats
153 creatures vanquished.

Vanquished Creatures (others)
  8 fulminant prisms
8 creatures vanquished.

Grand Total: 161 creatures vanquished

Notes
Turn   | Place    | Note
-------+----------+-------------------------------------------
     0 | D:1      | anacleto the Deep Elf Conjurer began the quest for the Orb.
     0 | D:1      | Reached XP level 1. HP: 10/10 MP: 6/6
    38 | D:1      | Reached XP level 2. HP: 15/15 MP: 0/8
   842 | D:2      | Reached XP level 3. HP: 19/19 MP: 7/10
   989 | D:2      | Learned a level 2 spell: Searing Ray
  1054 | D:2      | Reached skill level 5 in Conjurations
  1078 | D:2      | Found a faded altar of an unknown god.
  1500 | D:2      | Reached XP level 4. HP: 24/24 MP: 9/11
  1807 | D:2      | Learned a level 4 spell: Fulminant Prism
  1971 | D:3      | Found Geef's Armour Shoppe.
  2049 | D:3      | Found Naetayje's Assorted Antiques.
  2060 | D:3      | Bought a scroll labelled NYXZAN ZOHU for 31 gold pieces
  2076 | D:3      | Found a glowing silver altar of Zin.
  2079 | D:3      | Found a radiant altar of Vehumet.
  2080 | D:3      | Found a sacrificial altar of Ru.
  2082 | D:3      | Found a shimmering blue altar of Sif Muna.
  2082 | D:3      | Found a hazy altar of Hepliaklqana.
  2082 | D:3      | Found a shimmering altar of Xom.
  2083 | D:3      | Found a hide-covered altar of Uskayaw.
  2083 | D:3      | Found a sparkling altar of Nemelex Xobeh.
  2089 | D:3      | Became a worshipper of Vehumet
  2474 | D:3      | Found Acluxil's Antique Weapon Boutique.
  2742 | D:4      | Noticed a scorpion
  2749 | D:4      | Killed a scorpion
  2750 | D:4      | Reached skill level 1 in Alchemy
  2750 | D:4      | Reached XP level 5. HP: 20/28 MP: 3/13
  3329 | D:4      | Noticed a sky beast
  3336 | D:4      | Killed a sky beast
  3697 | D:4      | Reached XP level 6. HP: 32/32 MP: 5/14
  3765 | D:4      | Reached skill level 6 in Conjurations
  4121 | D:5      | Entered Level 5 of the Dungeon
  4550 | D:5      | Reached skill level 5 in Spellcasting
  4550 | D:5      | Reached XP level 7. HP: 30/36 MP: 11/16
  4596 | D:5      | Learned a level 4 spell: Iskenderun's Mystic Blast
  4680 | D:5      | Reached skill level 5 in Stealth
  4772 | D:5      | Reached skill level 7 in Conjurations
  4914 | D:5      | Reached skill level 5 in Dodging
  4960 | D:5      | Learned a level 3 spell: Hailstorm
  5076 | D:5      | Reached * piety under Vehumet
  5076 | D:5      | Offered knowledge of Kiss of Death by Vehumet.
  5077 | D:5      | Reached XP level 8. HP: 40/41 MP: 5/18
  5079 | D:5      | Learned a level 1 spell: Kiss of Death
  5567 | D:5      | Reached skill level 8 in Conjurations
  5594 | D:5      | Noticed a troll
  5787 | D:5      | Killed a troll
  6317 | D:6      | Reached skill level 1 in Necromancy
  6361 | D:6      | Reached skill level 1 in Translocations
  6361 | D:6      | Reached skill level 1 in Ice Magic
  6412 | D:6      | Reached XP level 9. HP: 36/45 MP: 13/21
  6470 | D:6      | Found a staircase to the Ecumenical Temple.
  6646 | D:6      | Found a glowing drain.
  6657 | Sewer    | Entered a sewer
  7001 | Sewer    | Reached ** piety under Vehumet
  7001 | Sewer    | Offered knowledge of Scorch by Vehumet.
  7007 | Sewer    | Learned a level 2 spell: Scorch
  7277 | Sewer    | Found a viscous altar of Jiyva.
  7573 | D:6      | Identified the +3 ring mail of Runuin Zib {rCorr}
  7744 | D:6      | Noticed Edmund
  7750 | D:6      | Noticed Prince Ribbit
  7754 | D:6      | Killed Edmund
  7755 | D:6      | Reached skill level 9 in Conjurations
  7764 | D:6      | Killed Prince Ribbit
  7852 | D:6      | Found an ornate altar of the Wu Jian Council.
  7918 | D:6      | Noticed Sigmund
  7921 | D:6      | Killed Sigmund
  8049 | D:6      | Reached skill level 5 in Alchemy
  8109 | D:7      | Offered knowledge of Inner Flame by Vehumet.
  8148 | D:6      | Learned a level 2 spell: Mercury Vapours
  8701 | D:7      | Killed from afar by an orc priest

Illustrated notes

Levels and vault maps discovered:
D:1:      spicycebolla_green_bress_n_ham_2, layout_basic
D:2:      layout_loops_corners, shapermc_ecumenical_altar_pompeii, st_stairs_1,
          minmay_hexomino_r4
D:3:      layout_loops_ring, grunt_temple_overflow_open, serial_shops,
          nicolae_shop_tiny_waterfront, nicolae_shop_overgrown_old_shop,
          nicolae_shop_advertising_works [nicolae_subvault_shop_adworks],
          kennysheep_doodads
D:4:      layout_layer_cave
D:5:      minmay_bubble_buster, layout_basic
D:6:      layout_basic, nicolae_wu_jian_immortal_techniques,
          minmay_temple_entry_ruins, portal_sewer_entry_b,
          nicolae_houndstooth_variations, uniq_prince_ribbit1, uniq_edmund,
          uniq_sigmund
D:7:      layout_rooms, minmay_misc_feat_enclosed

Skill      XL: |  1  2  3  4  5  6  7  8  9 |
---------------+----------------------------+-----
Stealth        | 3 4 5 6 7 |  7.5
Dodging        | 3 4 5 6 |  6.9
Conjurations   | 5 6 7 8 9 |  9.4
Spellcasting   | 4 5 6 7 |  7.6
Alchemy        | 1 2 3 4 5 |  5.1
Necromancy     | 1 2 |  2.9
Translocations | 1 2 |  2.6
Ice Magic      | 1 2 |  2.6

Action                     |  1- 3 |  4- 6 |  7- 9 || total
---------------------------+-------+-------+-------++-------
  Melee: Unarmed           |     3 |       |     4 ||     7
   Cast: Magic Dart        |    54 |    56 |   155 ||   265
         Searing Ray       |       |    10 |    30 ||    40
         Fulminant Prism   |       |       |     9 ||     9
         Kiss of Death     |       |       |    12 ||    12
         Hailstorm         |       |       |     1 ||     1
         Scorch            |       |       |    15 ||    15
         Mercury Vapours   |       |       |     1 ||     1
    Use: Scroll            |       |       |     5 ||     5
         Potion            |       |       |     4 ||     4
 Armour: Robe              |     9 |     8 |    15 ||    32
         Steam dragon scal |       |       |    41 ||    41
  Dodge: Dodged            |     9 |    11 |    75 ||    95

Table legend: (Time is in decaauts)
 A = Elapsed time spent in this place.
 B = Non-inter-level travel time spent in this place.
 C = Inter-level travel time spent in this place.
 D = Time resting spent in this place.
 E = Time spent auto-exploring this place.
 F = Levels seen in this place.
 G = Mean time per level.
                   A        B        C        D        E       F      G
               +--------+--------+--------+--------+--------+-----+--------+
         Total |   8747 |   8583 |    164 |   2115 |   5207 |   8 | 1093.4 |
       Dungeon |   8021 |   7857 |    164 |   1793 |   5021 |   7 | 1145.9 |
         Sewer |    726 |    726 |      0 |    322 |    186 |   1 |  726.0 |
               +--------+--------+--------+--------+--------+-----+--------+

Top non-repeatable levels by time:
     D:5: 1876 daAuts
     D:4: 1670 daAuts
     D:6: 1570 daAuts
     D:2: 1166 daAuts
     D:3: 792 daAuts
   Sewer: 726 daAuts
     D:1: 670 daAuts
     D:7: 275 daAuts
